 Dungeon Crawl Stone Soup version 0.21.0-37-g46506fa (webtiles) character file.

6713 Kurtz the Spear-Bearer (level 11, -1/78 HPs)
             Began as an Octopode Abyssal Knight on Feb 1, 2018.
             Was an Elder of Lugonu.
             Slain by a two-headed ogre
             ... wielding a cursed +0 giant club
              (26 damage)
             ... on level 10 of the Dungeon.
             The game lasted 00:13:53 (10663 turns).

Kurtz the Spear-Bearer (Octopode Abyssal Knight)   Turns: 10663, Time: 00:13:53

Health: -1/78      AC:  1    Str: 15    XL:     11   Next: 3%
Magic:  13/14      EV: 15    Int: 16    God:    Lugonu [****..]
Gold:   489        SH:  0    Dex:  9    Spells: 9/10 levels left

rFire    + + +     SeeInvis .   d - +2 trident (distort)
rCold    . . .     Gourm    +   (no shield)
rNeg     + . .     Faith    .   (helmet restricted)
rPois    +         Spirit   .   e - amulet of the gourmand
rElec    .         Reflect  .   h - ring of positive energy
rCorr    +         Harm     .   j - ring of protection from fire
MR       .....                  v - ring of resist corrosion
Stlth    +++++.....             A - ring "Luneelai" {rCorr rPois rF++ Str+3 Dex-4}
HPRegen  0.23/turn              (no ring)
MPRegen  0.14/turn              (no ring)
                                (no ring)
                                (no ring)

@: no status effects
A: almost no armour, stealthy swim, amphibious, 8 rings, constrict 8, camouflage
1, gelatinous body 1
a: Depart the Abyss, Bend Space, Banish, Corrupt, Renounce Religion


You were on level 10 of the Dungeon.
You worshipped Lugonu.
Lugonu was greatly pleased with you.
You were completely stuffed.

You visited 1 branch of the dungeon, and saw 10 of its levels.
You visited the Abyss 1 time.

You collected 489 gold pieces.

Inventory:

Hand Weapons
 a - a +1 falchion
 c - a +0 mace of protection
 d - a +2 trident of distortion (weapon)
 x - a +2 spear of venom
 J - a +0 mace
Jewellery
 e - an amulet of the gourmand (around mantle)
 h - a ring of positive energy (left tentacle)
 j - a ring of protection from fire (right tentacle)
 v - a ring of resist corrosion (on tentacle)
 A - the ring "Luneelai" (on tentacle) {rCorr rPois rF++ Str+3 Dex-4}
   (You took it off a gnoll sergeant on level 7 of the Dungeon)

   [ring of resist corrosion]

   It affects your strength (+3).
   It affects your dexterity (-4).
   It greatly protects you from fire.
   It protects you from poison.
Wands
 u - a wand of digging (27)
 y - a wand of random effects (28)
 z - a wand of acid (5)
 F - a wand of iceblast (1)
Scrolls
 f - 5 scrolls of teleportation
 i - a scroll of noise {unknown}
 k - a scroll of random uselessness {unknown}
 l - 3 scrolls of blinking {unknown}
 m - 5 scrolls of remove curse {unknown}
 n - 2 scrolls of enchant armour {unknown}
 p - a scroll of fog {unknown}
 q - 3 scrolls of enchant weapon {unknown}
 r - 3 scrolls of immolation
 B - a scroll of magic mapping {unknown}
 D - a scroll of torment {unknown}
 G - a scroll of amnesia {unknown}
 I - a scroll of brand weapon {unknown}
 L - a scroll of vulnerability {unknown}
Potions
 o - a potion of haste
 s - 2 potions of degeneration
 t - 2 potions of might
 E - 3 potions of berserk rage {unknown}
 H - a potion of resistance {unknown}
 K - 3 potions of lignification
Books
 g - a book of Minor Magic

   Spells                             Type                      Level
   a - Magic Dart                     Conjuration                  1
   b - Blink                          Translocation                2
   c - Call Imp                       Summoning                    2
   d - Slow                           Hexes                        2
   e - Conjure Flame                  Conjuration/Fire             3
   f - Mephitic Cloud                 Conjuration/Poison/Air       3
 w - Sif Muna's Handbook of Clay
   (You found it on level 6 of the Dungeon)

   Spells                             Type                      Level
   a - Sandblast                      Earth                        1
Comestibles
 b - 12 rations
 C - a chunk of flesh


   Skills:
 * Level 8.3 Fighting
 - Level 2.8 Long Blades
 * Level 10.5 Polearms
 * Level 6.1 Dodging
 * Level 8.7 Stealth
 - Level 2.5 Invocations
 * Level 5.0 Evocations


You had 9 spell levels left.
You knew the following spells:

 Your Spells              Type           Power        Failure   Level  Hunger
a - Sandblast             Erth           #.....       26%         1    ##.....


Dungeon Overview and Level Annotations

Branches:
Dungeon (10/15)            Temple (0/1) D:5
   Lair: D:8-11         Orc: D:9-12

Altars:
Cheibriados
Elyvilon
Gozag
Kikubaaqudgha
Makhleb
Nemelex Xobeh
Sif Muna
Trog
Uskayaw
Vehumet
Xom
Yredelemnul
Zin

Annotations:
D:9 Tanalyfe's ghost, journeyman GrFi


Innate Abilities, Weirdness & Mutations

You cannot wear most types of armour.
You are very stealthy in the water. (Stealth+)
You are amphibious.
You can wear up to eight rings at the same time.
You can use your tentacles to constrict eight enemies at once.
Your skin changes colour to match your surroundings (Stealth+).
Your rubbery body absorbs attacks. (AC +1, EV +1)


Message History

Space bends around you!
You blink.
The orc warrior hits you with a long sword.
You closely miss the orc warrior. Your grab misses the orc warrior.
The orc warrior is moderately wounded.
Unknown command.
You hit the orc warrior but do no damage.
Space warps horribly around the orc warrior!
You grab the orc warrior.
The orc warrior is almost dead.
You constrict the orc warrior, but do no damage.
The orc warrior completely misses you.
Unknown command.
You hit the orc warrior.
You kill the orc warrior!
Lugonu accepts your kill.
Unknown command.
You see here a tomahawk.
Space bends around you!
You blink.
The two-headed ogre closely misses you.
The two-headed ogre hits you with a giant spiked club!!
You die...

#. ...## ####.
.....#####..... ....
.....##.......c #..
#....##......# #.##
#....##......##### ..
#..###.... #...........
....##)....#.####...........
..........o@................
........o#.#O#..............
######.#.#.#§#.#.#..÷.......
#.#...#.#.#.#######....
#o#...#.#.#(# #....
#.#...#.#.#†# #....
#o#.#.#.#.#.# #....
#.#.#.#.#.#(# ####....
#.#.#.#.#.#(# #....###


You could see a two-headed ogre and 2 orcs.

Vanquished Creatures
  A two-headed ogre (D:8)
  The ghost of Naga1771 the Sneak, a novice NaWz of Sif Muna (D:7)
  A troll (D:9)
  Prince Ribbit (D:7)
  An ancient zyme (Abyss:2)
  Eustachio (D:6)
  2 wyverns (D:8)
  2 hungry ghosts
  A water moccasin (D:10)
  A hornet zombie (D:7)
  An ice beast (D:5)
  3 orc warriors
  2 black bears
  An eye of draining (D:9)
  A necrophage (D:9)
  A phantom (D:8)
  2 ogres
  A centaur (D:10)
  A crocodile (D:10)
  5 bullfrogs
  A gnoll sergeant (D:7)
  A wyvern zombie (D:6)
  2 scorpions
  4 killer bees (D:8)
  2 wights (D:8)
  A howler monkey (D:9)
  5 crimson imps
  4 bullfrog zombies
  2 hounds
  3 jellies
  4 orc priests
  A bullfrog skeleton (D:5)
  11 orc wizards
  2 iguanas (D:6)
  5 worker ants
  A killer bee zombie (D:6)
  A hound skeleton (D:5)
  3 gnolls (D:7)
  5 adders
  6 river rats (D:6)
  A shadow imp (D:6)
  An ooze (D:3)
  A worm (D:3)
  A dart slug (D:2)
  7 leopard geckos
  27 orcs
  4 giant cockroaches
  10 goblins
  2 hobgoblins
  6 jackals
  13 quokkas
  3 bats
  5 frilled lizards
  4 kobolds
  23 rats
202 creatures vanquished.

Vanquished Creatures (others)
  A tengu warrior (D:8)
  A black bear (D:8)
  A phantom (D:4)
  2 wights (D:8)
  A howler monkey (D:7)
  3 hounds
  An orc wizard (D:7)
  A worker ant (D:9)
  2 gnolls (D:7)
  A river rat (D:6)
  A worm (D:3)
  A hobgoblin (D:3)
  A quokka skeleton (D:9)
17 creatures vanquished.

Grand Total: 219 creatures vanquished

Notes
Turn   | Place    | Note
-------+----------+-------------------------------------------
     0 | Abyss:1  | Kurtz the Octopode Abyssal Knight began the quest for the Orb.
     0 | Abyss:1  | Reached XP level 1. HP: 16/16 MP: 2/2
    99 | Abyss:2  | Noticed an ancient zyme
   111 | Abyss:2  | Killed an ancient zyme
   111 | Abyss:2  | Reached skill level 5 in Fighting
   111 | Abyss:2  | Reached skill level 1 in Evocations
   111 | Abyss:2  | Reached XP level 2. HP: 24/24 MP: 3/3
   111 | Abyss:2  | Reached XP level 3. HP: 29/29 MP: 4/4
   111 | Abyss:2  | Reached XP level 4. HP: 35/35 MP: 5/5
   111 | Abyss:2  | Reached XP level 5. HP: 39/39 MP: 6/6
   116 | Abyss:2  | Noticed a neqoxec
   124 | D:1      | Escaped the Abyss
   249 | D:1      | Reached XP level 6. HP: 37/45 MP: 7/7
   260 | D:1      | Reached skill level 1 in Polearms
   268 | D:1      | Reached ** piety under Lugonu
   604 | D:2      | You fall through a shaft!
   711 | D:3      | Found an ancient bone altar of Kikubaaqudgha.
   865 | D:3      | Found an opulent altar of Gozag.
  1085 | D:3      | Reached skill level 2 in Polearms
  1646 | D:4      | Noticed Eustachio
  1711 | D:4      | Noticed a phantom
  1723 | D:4      | Reached skill level 3 in Polearms
  1724 | D:4      | Banished a phantom
  1724 | D:4      | Reached XP level 7. HP: 32/50 MP: 8/8
  2386 | D:4      | Found a snail-covered altar of Cheibriados.
  2486 | D:5      | Entered Level 5 of the Dungeon
  2541 | D:5      | Reached skill level 4 in Polearms
  2925 | D:5      | Reached skill level 5 in Polearms
  2994 | D:5      | Found a staircase to the Ecumenical Temple.
  3093 | D:5      | Found a sparkling altar of Nemelex Xobeh.
  3360 | D:6      | Reached *** piety under Lugonu
  3390 | D:6      | Reached skill level 1 in Stealth
  3390 | D:6      | Reached XP level 8. HP: 39/57 MP: 9/9
  3687 | D:6      | Reached skill level 6 in Polearms
  3927 | D:6      | Reached **** piety under Lugonu
  3935 | D:6      | Found a hide-covered altar of Uskayaw.
  3935 | D:6      | Found a shimmering altar of Xom.
  4001 | D:6      | Killed Eustachio
  4318 | D:6      | Reached skill level 7 in Polearms
  4318 | D:6      | Reached XP level 9. HP: 44/63 MP: 10/10
  4580 | D:6      | Found a deep blue altar of Sif Muna.
  4793 | D:6      | Identified Sif Muna's Handbook of Clay
  4800 | D:6      | Learned a level 1 spell: Sandblast
  4973 | D:7      | Noticed Naga1771's ghost (novice NaWz)
  4996 | D:7      | Killed Naga1771's ghost
  4996 | D:7      | Reached skill level 5 in Stealth
  5229 | D:7      | HP: 2/63 [gnoll/enchanted whip (7)]
  5271 | D:6      | Reached skill level 8 in Polearms
  5646 | D:7      | Reached skill level 5 in Dodging
  5709 | D:7      | Got a faintly glowing platinum ring
  5922 | D:7      | Noticed Prince Ribbit
  5940 | D:7      | Killed Prince Ribbit
  6365 | D:9      | Noticed Tanalyfe's ghost (journeyman GrFi)
  6894 | D:8      | Reached XP level 10. HP: 43/70 MP: 12/12
  7158 | D:8      | Reached skill level 9 in Polearms
  7229 | D:8      | Noticed a two-headed ogre
  7872 | D:7      | Identified the ring "Luneelai" {rCorr rPois rF++ Str+3 Dex-4} (You took it off a gnoll sergeant on level 7 of the Dungeon)
  7920 | D:8      | Killed a two-headed ogre
  7921 | D:8      | Noticed a tengu warrior
  8167 | D:8      | Banished a tengu warrior
  8471 | D:8      | Found a bloodstained altar of Trog.
  8508 | D:8      | Reached skill level 10 in Polearms
  8988 | D:9      | Reached ***** piety under Lugonu
  9214 | D:9      | Found a basalt altar of Yredelemnul.
  9214 | D:9      | Found a glowing silver altar of Zin.
  9219 | D:9      | Found a burning altar of Makhleb.
  9221 | D:9      | Found a radiant altar of Vehumet.
  9223 | D:9      | Found a white marble altar of Elyvilon.
 10253 | D:10     | Entered Level 10 of the Dungeon
 10388 | D:10     | Noticed a two-headed ogre
 10403 | D:10     | Reached XP level 11. HP: 77/77 MP: 14/14
 10405 | D:10     | Reached skill level 5 in Evocations
 10663 | D:10     | Slain by a two-headed ogre

Skill      XL: |  1  2  3  4  5  6  7  8  9 10 11 |
---------------+----------------------------------+-----
Fighting       | 5 6 7 8 |  8.3
Dodging        | 3 4 5 6 |  6.1
Evocations     | 1 2 3 4 5 |  5.0
Polearms       | 3 5 7 8 10 | 10.5
Stealth        | 1 3 6 8 |  8.7
Long Blades    | |  2.8
Invocations    | |  2.5

Action                   |  1- 3 |  4- 6 |  7- 9 | 10-12 || total
-------------------------+-------+-------+-------+-------++-------
Melee: Trident           |       |   102 |   259 |   164 ||   525
       Constrict         |       |    17 |    50 |    20 ||    87
       Tentacles         |       |     9 |    32 |    27 ||    68
       Spear             |       |       |       |    15 ||    15
Throw: Throwing net      |       |       |     1 |       ||     1
       Tomahawk          |       |       |     2 |     9 ||    11
Invok: Bend Space        |       |       |       |     7 ||     7
Evoke: Wand              |     5 |     1 |     3 |     7 ||    16
  Use: Potion            |       |       |     4 |     2 ||     6
       Scroll            |       |       |     5 |     1 ||     6
 Stab: Sleeping          |       |    12 |    18 |     8 ||    38
       Distracted        |       |       |     1 |     1 ||     2
  Eat: Chunk             |       |     3 |    15 |    11 ||    29
       Ration            |       |       |       |     3 ||     3
Armor: Skin              |       |     4 |     7 |     9 ||    20
Dodge: Dodged            |       |    53 |    92 |    65 ||   210
